 Dungeon Crawl Stone Soup version 0.31.0-12-g77e489cdc1 (webtiles) character file.

Game seed: 15868793644145094446

7 Arctor the Firebug (level 1, -4/10 HPs)
             Began as a Deep Elf Fire Elementalist on Feb 22, 2024.
             Slain by a kobold
             ... wielding a +0 whip
              (5 damage)
             ... on level 1 of the Dungeon.
             The game lasted 00:00:22 (275 turns).

Arctor the Firebug (Deep Elf Fire Elementalist)      Turns: 275, Time: 00:00:22

Health: -4/10      AC:  2    Str:  5    XL:     1   Next: 83%
Magic:  0/6        EV: 12    Int: 19    God:
Gold:   13         SH:  0    Dex: 15    Spells: 5/6 levels left

rFire   . . .        c - +0 dagger
rCold   . . .        (no shield)
rNeg    . . .        a - +0 robe
rPois   .            (no helmet)
rElec   .            (no cloak)
rCorr   .            (no gloves)
SInv    .            (no boots)
Will    .....        (no amulet)
Stlth   ++           (no ring)
HPRegen 0.21/turn    (no ring)
MPRegen 0.10/turn

%: no passive effects
@: very slightly contaminated
A: no striking features
a: no special abilities


You were on level 1 of the Dungeon.
You visited 1 branch of the dungeon, and saw 1 of its levels.

You collected 13 gold pieces.

Inventory:

Hand Weapons
 c - a +0 dagger (weapon)
Armour
 a - a +0 robe (worn)
Potions
 b - a potion of magic


   Skills:
 + Level 2.6 Dodging
 + Level 2.6 Stealth
 + Level 3.1 Spellcasting
 + Level 1.3 Conjurations
 + Level 3.4 Fire Magic


You had 5 spell levels left.
You knew the following spells:

 Your Spells              Type           Power      Damage    Failure   Level
a - Foxfire               Conj/Fire      48%        2x1d6     6%          1

Your spell library contained the following spells:

 Spells                   Type           Power      Damage    Failure   Level
 Scorch                   Fire           30%        2d6       5%          2
 Inner Flame              Hex/Fire       9%         N/A       22%         3
 Volatile Blastmotes      Fire/Tloc      18%        2d11      22%         3
 Flame Wave               Conj/Fire      12%        2d6       50%         4


Dungeon Overview and Level Annotations

Branches:
Dungeon (1/15)

Altars:


Message History

Nothing appears to happen.
You are out of magic!
You are out of magic!
You are out of magic!
No target in view!
No target in view!
A rat comes into view.
There are monsters nearby!
There are monsters nearby!
You are out of magic!
You are out of magic!
A kobold comes into view. It is wielding a +0 whip.
The kobold shouts!
You hit the rat.
You kill the rat!
The rat bites you but does no damage.
You barely miss the rat.
A bat comes into view.
The rat barely misses you.
Your magical contamination has completely faded away.
You barely miss the rat. The rat bites you. The kobold hits you with a +0 whip.
You are too injured to fight recklessly!
You are too injured to fight recklessly!
You are too injured to fight recklessly!
You are too injured to fight recklessly!
Casting: Foxfire (safe; 6% risk of failure)
Confirm with . or Enter, or press ? or * to list all spells.
You miscast Foxfire.
You are very lightly contaminated with residual magic.
Nothing appears to happen.
The rat bites you but does no damage. The kobold hits you with a +0 whip.
Casting: Foxfire (safe; 6% risk of failure)
Confirm with . or Enter, or press ? or * to list all spells.
You don't have enough magic to cast this spell.
The rat attacks as it pursues you! The rat bites you.
* * * LOW HITPOINT WARNING * * *
The kobold attacks as it pursues you! The kobold barely misses you.
The kobold attacks as it pursues you! The kobold hits you with a +0 whip.
Ouch! That really hurt!
You die...

#.##.# #....# ..# ###..#.###
#.# ........ ..# # .# #....#
#.# .# #
....###..#.######.###.##.#
..§§..........§.......†...
###.###..#.#..###.#)......
#.......@r....#.#
.########..#.....K......#
............................
#####.######.##....?..#.....
...........########.#.#.....
................#####.......
.≈≈≈...≈≈§.......... ##..#.#
≈≈≈≈...≈≈≈≈≈.≈≈§.... #.#.#
≈≈≈≈...≈≈≈≈.≈≈≈≈§§§§ .#


You could see a kobold and a rat.

Vanquished Creatures
  An endoplasm (D:1)
  A goblin (D:1)
  A kobold (D:1)
  A ball python (D:1)
  A frilled lizard (D:1)
  2 rats (D:1)
7 creatures vanquished.

Vanquished Creatures (others)
  34 foxfires (D:1)
34 creatures vanquished.

Grand Total: 41 creatures vanquished

Notes
Turn   | Place    | Note
-------+----------+-------------------------------------------
     0 | D:1      | Arctor the Deep Elf Fire Elementalist began the quest for
                  | the Orb.
     0 | D:1      | Reached XP level 1. HP: 10/10 MP: 6/6
   275 | D:1      | Slain by a kobold

Illustrated notes

Levels and vault maps discovered:
D:1:      dpeg_arrival_water_fire, layout_basic

Action                     || total
---------------------------++-------
  Melee: Dagger            ||     3
   Cast: Foxfire           ||    19
 Armour: Robe              ||     7
  Dodge: Dodged            ||     2
